 Dungeon Crawl Stone Soup version 0.31-a0-986-g5e6e4ef867 (webtiles) character file.

Game seed: 9788084156057247667

29 wildpjah the Slasher (level 3, -1/21 HPs)
             Began as a Tengu Gladiator on Nov 21, 2023.
             Slain by a goblin
             ... wielding a +0 dagger
             ... led by Robin
              (2 damage)
             ... on level 2 of the Dungeon.
             The game lasted 00:00:53 (697 turns).

wildpjah the Slasher (Tengu Gladiator)               Turns: 697, Time: 00:00:54

Health: -1/21      AC:  3    Str: 14    XL:     3   Next: 16%
Magic:  4/4        EV: 13    Int:  8    God:
Gold:   13         SH:  0    Dex: 17    Spells: 2/2 levels left

rFire   . . .        a - +0 long sword
rCold   . . .        (no shield)
rNeg    . . .        b - +0 leather armour
rPois   .            c - +0 hat
rElec   .            (no cloak)
rCorr   .            (no gloves)
SInv    .            (boots unavailable)
Will    .....        (no amulet)
Stlth   +            (no ring)
HPRegen 0.23/turn    (no ring)
MPRegen 0.09/turn

%: acrobat
@: no status effects
A: beak, talons 3, acrobatic
a: no special abilities


You were on level 2 of the Dungeon.
You visited 1 branch of the dungeon, and saw 2 of its levels.

You collected 13 gold pieces.

Inventory:

Hand Weapons
 a - a +0 long sword (weapon)
Missiles
 d - 3 throwing nets (quivered)
 e - a javelin
Armour
 b - a +0 leather armour (worn)
 c - a +0 hat (worn)
Jewellery
 g - an amulet of magic regeneration
Scrolls
 f - a scroll of enchant weapon {unknown}


   Skills:
 + Level 2.2 Fighting
 + Level 3.9 Long Blades
 + Level 2.1 Throwing
 + Level 0.1 Armour
 + Level 3.7 Dodging
 + Level 0.2 Stealth


You had 2 spell levels left.
You didn't know any spells.
Your spell library was empty.

Dungeon Overview and Level Annotations

Branches:
Dungeon (2/15)

Altars:

Annotations:
D:2 Robin


Innate Abilities, Weirdness & Mutations

You have a beak for a mouth.
You have claws for feet.
You can magically evade attacks while moving or waiting.


Message History

A goblin comes into view. It is wielding a +0 club.
The goblin hits you but does no damage. The endoplasm freezes you.
You are frozen.
The endoplasm attacks as it pursues you!
The endoplasm misses you.
You hit the goblin.
You kill the goblin!
You slash the endoplasm!
You kill the endoplasm!
You miss the goblin. Your kick misses the goblin.
The goblin hits you with a +0 dagger.
You barely miss the goblin. Your peck misses the goblin.
The goblin hits you with a +0 dagger.
You hit the goblin.
You kill the goblin!
Robin roars a battlecry!
The goblins go into a battle-frenzy!
The goblin misses you. Robin throws the goblin at you!
You slash the goblin!
You kill the goblin!
The goblin hits you with a +0 dagger.
* * * LOW HITPOINT WARNING * * *
Robin throws the goblin at you!
You barely miss the goblin. Your peck misses the goblin.
The goblin barely misses you. The goblin hits you with a +0 dagger.
* * * LOW HITPOINT WARNING * * *
Robin's horned helmet rattles.
You hit the goblin. Your kick misses the goblin.
The goblin is heavily wounded.
The goblin misses you. The goblin hits you with a +0 dagger.
* * * LOW HITPOINT WARNING * * *
You closely miss the goblin. Your kick misses the goblin.
The goblin is heavily wounded.
The goblin hits you but does no damage. The goblin hits you with a +0 dagger.
* * * LOW HITPOINT WARNING * * *
You slash the goblin!
You kill the goblin!
The goblin closely misses you. The goblin hits you with a +0 dagger.
You die...

##...#......#
#.....#####.#
##.).## #.#
##.## #.# #.#
#.# #.# #.#####
#+# #.....#
#####)# # #@#
##.#g# #...g#
+......)..ggg.g
####....#######
##.#.# ###.#
#.# ..#


You could see Robin and a goblin (strong).

Vanquished Creatures
  4 endoplasms
  A giant cockroach (D:1)
  6 goblins
  3 hobgoblins
  4 jackals (D:1)
  A bat (D:1)
  3 frilled lizards
  2 kobolds
  4 rats
28 creatures vanquished.

Notes
Turn   | Place    | Note
-------+----------+-------------------------------------------
     0 | D:1      | wildpjah the Tengu Gladiator began the quest for the Orb.
     0 | D:1      | Reached XP level 1. HP: 12/12 MP: 2/2
    95 | D:1      | Reached XP level 2. HP: 17/17 MP: 3/3
   215 | D:1      | Found a faded altar of an unknown god.
   661 | D:2      | Reached XP level 3. HP: 21/21 MP: 4/4
   681 | D:2      | Noticed Robin
   696 | D:2      | HP: 1/21 [goblin/+0 dagger[Robin] (3)]
   697 | D:2      | Slain by a goblin

Illustrated notes

Levels and vault maps discovered:
D:1:      nzn_arrival_depleted_hourglass, layout_rooms,
          hellmonk_ecumenical_altar_run_dry, st_stairs_14
D:2:      layout_loops_corners, serial_shops, nicolae_shop_waterfront,
          uniq_robin, uniq_natasha

Action                     || total
---------------------------++-------
  Melee: Long sword        ||    56
         Kick              ||    11
         Punch             ||     1
         Peck              ||     2
   Stab: Sleeping          ||     1
 Armour: Leather armour    ||    33
  Dodge: Dodged            ||    37

Table legend: (Time is in decaauts)
 A = Elapsed time spent in this place.
 B = Non-inter-level travel time spent in this place.
 C = Inter-level travel time spent in this place.
 D = Time resting spent in this place.
 E = Time spent auto-exploring this place.
 F = Levels seen in this place.
 G = Mean time per level.
                   A        B        C        D        E       F      G
               +--------+--------+--------+--------+--------+-----+--------+
         Total |    708 |    698 |     10 |      0 |    550 |   2 |  354.0 |
       Dungeon |    708 |    698 |     10 |      0 |    550 |   2 |  354.0 |
               +--------+--------+--------+--------+--------+-----+--------+

Top non-repeatable levels by time:
     D:1: 578 daAuts
     D:2: 130 daAuts
